 Dungeon Crawl Stone Soup version 0.29-a0-823-gc37b1572da (webtiles) character file.

Game seed: 16336445907059354876

9 ytrimaz the Grasshopper (level 2, 23/23 HPs)
             Began as a Demonspawn Warper on July 9, 2022.
             Quit the game on level 1 of the Dungeon.
             The game lasted 00:00:46 (375 turns).

ytrimaz the Grasshopper (Demonspawn Warper)          Turns: 375, Time: 00:00:47

Health: 23/23      AC:  3    Str: 11    XL:     2   Next: 6%
Magic:  5/5        EV: 11    Int: 14    God:
Gold:   10         SH:  0    Dex: 12    Spells: 5/5 levels left

rFire   . . .      SeeInvis .   a - +0 hand axe
rCold   . . .      Faith    .   (no shield)
rNeg    . . .      Spirit   .   b - +0 leather armour
rPois   .          Reflect  .   (no helmet)
rElec   .          Harm     .   (no cloak)
rCorr   .          Rampage  .   (no gloves)
Will    .....                   (no boots)
Stlth   +.........              (no amulet)
HPRegen 0.07/turn               (no ring)
MPRegen 0.09/turn               (no ring)

@: no status effects
A: foul stench 1
a: no special abilities


You were on level 1 of the Dungeon.
You visited 1 branch of the dungeon, and saw 1 of its levels.

You collected 10 gold pieces.

Inventory:

Hand Weapons
 a - a +0 hand axe (weapon)
Missiles
 d - 7 boomerangs of dispersal (quivered)
Armour
 b - a +0 leather armour (worn)
Scrolls
 c - a scroll of blinking
Potions
 e - a potion of lignification {unknown}
 f - a potion of magic {unknown}
 g - a potion of invisibility {unknown}
 h - a potion of mutation {unknown}


   Skills:
 + Level 2.3 Fighting
 + Level 2.2 Axes
 - Level 0.8 Throwing
 - Level 0.8 Armour
 - Level 1.7 Dodging
 - Level 2.0 Spellcasting
 - Level 2.6 Translocations


You had 5 spell levels left.
You didn't know any spells.
Your spell library contained the following spells:

 Spells                   Type           Power      Damage    Failure   Level
 Apportation              Tloc           16%        N/A       11%         1
 Blink                    Tloc           16%        N/A       16%         2
 Necrotise                Necr           4%         1d4       30%         1
 Summon Small Mammal      Summ           4%         N/A       30%         1
 Gell's Gravitas          Tloc           8%         N/A       30%         3
 Lesser Beckoning         Tloc           8%         N/A       30%         3
 Teleport Other           Tloc           8%         N/A       30%         3
 Manifold Assault         Tloc           8%         N/A       96%         5


Dungeon Overview and Level Annotations

Branches:
Dungeon (1/15)

Altars:


Innate Abilities, Weirdness & Mutations

You may rarely emit foul miasma when damaged in melee.


Message History

Found a stone staircase leading down.
Things that are here:
a +0 short sword; 2 stones
g - an amethyst potion
There is a stone staircase leading down here.
Found 10 gold pieces.
You see here a staff of fire.
You now have 10 gold pieces.
Found a scale mail.
h - a pink potion A ball python comes into view.
A ball python is nearby!
The ball python hisses angrily.
You see here a +0 scale mail.
The ball python bites you but does no damage.
The ball python grabs you. The ball python constricts you.
You see here a book of Cantrips.
You pick up a book of Cantrips and begin reading...
You add the spells Necrotise, Summon Small Mammal and Apportation to your library.
The ball python bites you but does no damage.
The ball python constricts you.
You closely miss the ball python. The ball python closely misses you.
The ball python constricts you. The ball python barely misses you.
The ball python constricts you.
You hit the ball python.
You kill the ball python!
You have reached level 2!
Your demonic ancestry asserts itself...
You begin to emit a foul stench of rot and decay.
You see here a ball python corpse.
You see here a +0 scale mail.
You see here a ball python corpse.
A ball python comes into view.
The ball python hisses angrily.
A ball python is nearby!
A ball python is nearby!
A ball python is nearby!
You hit the ball python.
You kill the ball python!
Are you sure you want to abandon this character and quit the game? (Confirm with "yes".)

#.#####..####.# #.# #. #..#
#.# #.# #. ....# #.# #.# ##
####.# #.# #.# #...####.#
#.## ...##...## ######..##
#...#.#.######........##
.........#.....######..###
........##@### #....#....##
.............##...........#
....#.#......#.....###.....
#####.......##.... #.....
###.#.#.#..... ##....
###.#.#..#.. #..#.
#.#.#..#.. #..#.
#...#.....# ##.... ###
#..... #.....


There were no monsters in sight!

Vanquished Creatures
  An endoplasm (D:1)
  A giant cockroach (D:1)
  2 ball pythons (D:1)
  2 goblins (D:1)
  2 kobolds (D:1)
  2 rats (D:1)
10 creatures vanquished.

Notes
Turn   | Place    | Note
-------+----------+-------------------------------------------
     0 | D:1      | ytrimaz the Demonspawn Warper began the quest for the Orb.
     0 | D:1      | Reached XP level 1. HP: 16/16 MP: 3/3
   338 | D:1      | Gained mutation: You may rarely emit foul miasma when
                  | damaged in melee. [demonic ancestry]
   338 | D:1      | Reached XP level 2. HP: 20/22 MP: 5/5
   375 | D:1      | Quit the game

Illustrated notes

Levels and vault maps discovered:
D:1:      minmay_arrival_loop, layout_basic, roderic_lattice_a,
          minmay_heptomino_h4

Skill      XL: |  1 |
---------------+----+-----
Axes           | 2 |  2.2
Fighting       | |  2.3
Throwing       | |  0.8
Armour         | |  0.8
Dodging        | |  1.7
Spellcasting   | |  2.0
Translocations | |  2.6

Action                   || total
-------------------------++-------
Melee: Hand axe          ||    17
Armor: Leather armour    ||    14
Dodge: Dodged            ||     8

Table legend: (Time is in decaauts)
 A = Elapsed time spent in this place.
 B = Non-inter-level travel time spent in this place.
 C = Inter-level travel time spent in this place.
 D = Time resting spent in this place.
 E = Time spent auto-exploring this place.
 F = Levels seen in this place.
 G = Mean time per level.
                   A        B        C        D        E       F      G
               +--------+--------+--------+--------+--------+-----+--------+
         Total |    378 |    378 |      0 |    132 |    184 |   1 |  378.0 |
       Dungeon |    378 |    378 |      0 |    132 |    184 |   1 |  378.0 |
               +--------+--------+--------+--------+--------+-----+--------+

Top non-repeatable levels by time:
     D:1: 378 daAuts
